Map: New Gettysburg LE

Players

Tenonee

  • Race: Protoss Protoss
  • League: Diamond

MogarFNSMASH

  • Race: Protoss Protoss
  • League: Platinum

Khronus

  • Race: Terran Terran

Envexeran

  • Race: Terran Terran
  • League: Diamond

VOD

Have the link to the VOD?

Description

Time

  • Played on: July 27, 2016, 4:55 a.m.
  • Length: 5:51
Show
View Real Time Build Order
Export as new Build Order

Tenonee Protoss 

Build Orders:  

Get SALT Encoding   

  12  0:01  Probe (Chrono Boost)  
  13  0:12  Probe (Chrono Boost)  
  14  0:22  Probe (Chrono Boost)  
  14  0:23  Pylon  
  15  0:41  Probe (Chrono Boost)  
  16  0:45  Gateway  
  16  0:46  Assimilator  
  16  0:52  Probe (Chrono Boost)  
  17  1:02  Probe (Chrono Boost)  
  18  1:13  Probe (Chrono Boost)  
  19  1:28  Forge  
  19  1:33  Cybernetics Core  
  19  1:35  Probe (Chrono Boost)  
  20  1:46  Probe (Chrono Boost)  
  21  1:47  Protoss Ground Weapons Level 1  
  21  2:00  Assimilator  
  21  2:10  Adept  
  23  2:19  Nexus  
  22  2:43  Pylon  
  23  2:45  Mothership Core (Chrono Boost)  
  23  3:03  Adept  
  25  3:09  Probe (Chrono Boost)  
  27  3:21  Probe (Chrono Boost)  
  27  3:23  Warp Gate  
  27  3:29  Gateway  
  27  3:33  Probe (Chrono Boost)  
  28  3:34  Protoss Ground Armor Level 1  
  28  3:35  Probe (Chrono Boost)  
  29  3:42  Adept  
  29  3:45  Probe (Chrono Boost)  
  33  3:55  Probe (Chrono Boost)  
  33  3:59  Probe (Chrono Boost)  
  33  4:01  Pylon  
  34  4:06  Probe (Chrono Boost)  
  35  4:11  Adept  
  35  4:17  Probe (Chrono Boost)  
  38  4:19  Probe (Chrono Boost)  
  37  4:27  Twilight Council  
  38  4:31  Probe (Chrono Boost)  
  38  4:34  Probe (Chrono Boost)  
  35  4:49  Adept  
  35  4:50  Adept  
  39  4:56  Probe (Chrono Boost)  
  38  5:06  Probe (Chrono Boost)  
  34  5:07  Probe (Chrono Boost)  
  31  5:22  Mothership Core (Chrono Boost)  
  27  5:41  Probe (Chrono Boost)  
Show
View Real Time Build Order
Export as new Build Order

MogarFNSMASH Protoss 

Build Orders:  

Get SALT Encoding   

  12  0:01  SCV  
  13  0:13  SCV  
  14  0:18  Supply Depot  
  14  0:25  SCV  
  15  0:40  SCV  
  15  0:41  Barracks  
  16  0:46  Refinery  
  16  0:52  SCV  
  16  0:56  Refinery  
  17  1:04  SCV  
  18  1:16  SCV  
  19  1:28  Reaper, Orbital Command  
  19  1:31  Supply Depot  
  20  1:45  Factory  
  20  2:04  SCV  
  20  2:06  Barracks Reactor  
  21  2:17  SCV  
  22  2:29  SCV  
  23  2:30  Factory Tech Lab, Starport  
  23  2:41  SCV  
  23  2:42  Marine  
  23  2:43  Marine  
  23  2:44  Supply Depot  
  26  2:50  Liberator  
  26  2:51  Siege Tank  
  29  3:00  Marine x2  
  34  3:13  SCV  
  34  3:17  Supply Depot  
  34  3:18  Marine x2  
  37  3:36  Marine x2  
  37  3:39  Siege Tank  
  37  3:40  Supply Depot  
  42  3:54  Marine x2  
  42  4:11  Siege Tank  
  42  4:12  Marine x2  
  45  4:22  Liberator  
  44  4:29  Marine x2  
  49  4:47  Marine x2  
  49  4:48  Command Center  
  50  5:05  Marine x2  
  52  5:23  Marine x2  
Show
View Real Time Build Order
Export as new Build Order

Khronus Terran 

Build Orders:  

Get SALT Encoding   

Show
View Real Time Build Order
Export as new Build Order

Envexeran Terran 

Build Orders:  

Get SALT Encoding   

Tags
 
Add a new tag
Caveats
  • Supply blocks, unpowered buildings, or Contaminate may cause inaccurate times.
  • Supply counts are checked every 10 seconds.